 Seeded DCSS version 0.29.1-15-g9cfb28693d (webtiles) character file.

Game seed: 16341192102668244882 (custom seed)

2760 Pooter the Cleaver (level 9, -6/79 HPs)
             Began as a Minotaur Berserker on Apr 18, 2023.
             Was a Priest of Trog.
             Mangled by a wyvern (13 damage)
             ... on level 6 of the Dungeon.
             The game lasted 00:29:20 (5133 turns).

Pooter the Cleaver (Minotaur Berserker)             Turns: 5133, Time: 00:29:20

Health: -6/79      AC:  8    Str: 23    XL:     9   Next: 41%
Magic:  2/2        EV: 10    Int:  8    God:    Trog [***...]
Gold:   180        SH:  0    Dex: 13    Spells: 8/8 levels left

rFire   . . .      SeeInvis .   a - +8 hand axe of Putrescence {antimagic, *Noise Int+4}
rCold   . . .      Faith    .   (no shield)
rNeg    . . .      Spirit   .   w - +0 scale mail
rPois   .          Reflect  .   (helmet restricted)
rElec   .          Harm     .   (no cloak)
rCorr   .          Rampage  .   (no gloves)
Will    .....                   p - +1 pair of boots
Stlth   ..........              h - amulet of regeneration
HPRegen 1.03/turn               q - +4 ring of slaying
MPRegen 0.08/turn               (no ring)

@: on berserk cooldown, slowed, very slow
A: horns 2, retaliatory headbutt
a: Renounce Religion, Berserk, Trog's Hand


You were on level 6 of the Dungeon.
You worshipped Trog.
Trog was most pleased with you.
You visited 1 branch of the dungeon, and saw 6 of its levels.

You collected 399 gold pieces.
You spent 219 gold pieces at shops.

Inventory:

Hand Weapons
 a - the +8 hand axe of Putrescence (weapon) {antimagic, *Noise Int+4}
   (You found it on level 5 of the Dungeon)

   It reduces the magical energy of the wielder, and disrupts the spells and
   magical abilities of those it strikes.
   Natural abilities and divine invocations are not affected.
   Int:       It affects your intelligence (+4).
   *Noise:    It may make noises in combat.
 b - a +2 hand crossbow
   (You bought it in a shop on level 4 of the Dungeon)
 v - a +0 flail
   (You took it off a gnoll on level 4 of the Dungeon)
 A - a +0 hand axe
 B - a +0 morningstar
   (You took it off an orc on level 4 of the Dungeon)
 C - a +2 war axe
   (You took it off a wight on level 5 of the Dungeon)
 D - a +1 hand axe of electrocution
   (You took it off an orc on level 5 of the Dungeon)
Missiles
 u - 3 throwing nets {!f}
 x - a boomerang
 y - 16 poisoned darts
 z - a javelin
 Q - 73 stones (quivered)
Armour
 p - a +1 pair of boots (worn)
   (You found it on level 3 of the Dungeon)
 w - a +0 scale mail (worn)
   (You took it off an orc on level 4 of the Dungeon)
Jewellery
 h - an amulet of regeneration (around neck)
   (You bought it in a shop on level 1 of the Dungeon)
 q - a +4 ring of slaying (left hand)
   (You found it on level 3 of the Dungeon)
 G - an amulet of guardian spirit
   (You found it on level 5 of the Dungeon)
Scrolls
 c - a scroll of fear
 j - a scroll of torment {!r}
 m - a scroll of summoning
 o - 2 scrolls of blinking
 r - a scroll of magic mapping
 s - a scroll of fog
 t - 3 scrolls of teleportation {@r4}
 F - a scroll of vulnerability {unknown}
Potions
 d - 2 potions of invisibility
 e - 2 potions of mutation {unknown}
 f - a potion of resistance {unknown}
 g - 5 potions of curing {@q1}
 i - a potion of attraction {unknown}
 k - 3 potions of heal wounds {unknown}
 l - a potion of magic {unknown}
 n - 3 potions of flight {unknown}
 E - a potion of degeneration {unknown}
 H - a potion of might {unknown}


   Skills:
 + Level 7.5 Fighting
 + Level 8.5(9.7) Axes
 * Level 7.1(9.0) Maces & Flails
 * Level 8.4 Ranged Weapons
 - Level 2.4 Armour
 - Level 2.1 Dodging


You had 8 spell levels left.
You didn't know any spells.
Your spell library was empty.

Dungeon Overview and Level Annotations

Branches:
Dungeon (6/15)
 Temple: D:4-7

Altars:
Okawaru
Uskayaw
Xom

Shops:
D:1 *   D:3 =   D:4 (


Innate Abilities, Weirdness & Mutations

You have a pair of horns on your head.
You reflexively headbutt those who attack you in melee.


Message History

An orc comes into view. It is wielding a +0 club.
You feel sick.
The orc shouts!
An orc wizard comes into view. It is wielding a +0 dagger.
The orc hits you with a +0 mace.
An orc priest comes into view. It is wielding a +0 mace.
You hit the orc.
You feel sick. The orc hits you but does no damage. The orc barely misses you.
A black bear comes into view.
You barely miss the orc.
You feel sick.
You are no longer poisoned.
The orc priest calls down the wrath of Beogh upon you.
Beogh smites you!
* * * LOW HITPOINT WARNING * * *
You closely miss the orc wizard. You slash the orc!
You kill the orc!
Trog accepts your kill.
You feel the effects of Trog's Hand fading.
The orc wizard hits you but does no damage.
A wight comes into view. It is wielding a +0 scimitar.
A wight comes into view. It is wielding a +0 great sword.
As you read the scroll of teleportation {@r4}, it crumbles to dust.
You feel strangely unstable. The orc wizard barely misses you.
The orc hits you but does no damage.
You barely miss the orc wizard. You hit the orc.
The orc hits you with a +0 club.
* * * LOW HITPOINT WARNING * * *
The orc wizard casts a spell.
The orc wizard flickers and vanishes!
Deactivating autopickup; reactivate with Ctrl-A.
The orc priest calls upon Beogh to heal the orc.
Something hits you but does no damage.
Found a gluggy blue potion.
Your surroundings suddenly seem different.
A wyvern comes into view.
Found a leather armour and a ring mail.
The wyvern barely misses you. You furiously retaliate!
You headbutt the wyvern! The wyvern bites you!
* * * LOW HITPOINT WARNING * * *
The wyvern bites you!
* * * LOW HITPOINT WARNING * * *
You closely miss the wyvern. The wyvern misses you.
The wyvern bites you but does no damage.
You hit the wyvern. You headbutt the wyvern!
Your skin stops crawling.
You feel less strong-willed. The wyvern bites you!
* * * LOW HITPOINT WARNING * * *
You hit the wyvern. The wyvern bites you.
* * * LOW HITPOINT WARNING * * *
The wyvern bites you!
You die...

##### #...
#####.##. #....
#...###........
#=~~~
#...[.........
#....
.#............
#####
............#
#. #..........#
#.
.#..........#
...
......l@....#
.....
#...........#
.....
##..........#
.....
#..........#
!....
#..........#
#..........#
#..........#
..[.........


You could see a wyvern.

Vanquished Creatures
  The ghost of Grunkalo the Twirler, a novice HuWn of Qazlal (D:6)
  2 hornets (D:5)
  Grinder (D:4)
  A sky beast (D:4)
  3 ice beasts
  An ogre (D:5)
  A phantom (D:5)
  A kobold brigand (D:5)
  4 scorpions
  A necrophage (D:5)
  A wight (D:5)
  A killer bee (D:5)
  4 hounds
  A jelly (D:5)
  4 iguanas (D:5)
  An orc priest (D:6)
  Jessica (D:3)
  A gnoll bouda (D:5)
  4 orc wizards
  13 adders
  8 gnolls
  3 shadow imps
  A white imp (D:6)
  An ufetubus (D:5)
  5 dart slugs
  17 orcs
  6 bats
  12 endoplasms
  3 giant cockroaches
  9 goblins
  4 hobgoblins
  7 jackals
  11 kobolds
  4 quokkas
  3 training dummies (D:4)
  3 ball pythons
  4 frilled lizards
  A rat (D:1)
149 creatures vanquished.

Notes
Turn   | Place    | Note
-------+----------+-------------------------------------------
     0 | D:1      | Pooter the Minotaur Berserker began the quest for the Orb.
     0 | D:1      | Reached XP level 1. HP: 19/19 MP: 0/0
   218 | D:1      | Reached skill level 1 in Ranged Weapons
   218 | D:1      | Reached XP level 2. HP: 25/27 MP: 1/1
   293 | D:1      | Found Munliah's Assorted Antiques.
   303 | D:1      | Bought 2 sedimented ruby potions for 36 gold pieces
   303 | D:1      | Bought a scroll labelled LEGECR WEUM for 20 gold pieces
   303 | D:1      | Bought a puce potion for 18 gold pieces
   780 | D:1      | Found a faded altar of an unknown god.
   983 | D:2      | Reached XP level 3. HP: 33/33 MP: 2/2
  1169 | D:2      | Found a shimmering altar of Xom.
  1541 | D:2      | Reached XP level 4. HP: 40/40 MP: 3/3
  1548 | D:2      | Reached ** piety under Trog
  2018 | D:1      | Bought a glowing amethyst amulet for 100 gold pieces
  2062 | D:3      | Found Muwnoel's Jewellery Emporium.
  2070 | D:3      | Reached skill level 5 in Axes
  2254 | D:3      | Noticed Jessica
  2255 | D:3      | Killed Jessica
  2256 | D:3      | Reached XP level 5. HP: 47/47 MP: 4/4
  2502 | D:4      | Noticed Grinder
  2647 | D:4      | Found an iron altar of Okawaru.
  2647 | D:4      | Found a hide-covered altar of Uskayaw.
  2731 | D:4      | Reached XP level 6. HP: 55/55 MP: 5/5
  2853 | D:4      | Paralysed by Grinder for 3 turns
  2858 | D:4      | Killed Grinder
  2859 | D:4      | Reached skill level 5 in Fighting
  2934 | D:4      | Reached XP level 7. HP: 61/61 MP: 6/6
  2940 | D:4      | Reached skill level 5 in Ranged Weapons
  3103 | D:4      | Found Dusk's Firing Range.
  3112 | D:4      | Bought a +0 hand crossbow for 45 gold pieces
  3343 | D:4      | Reached skill level 1 in Maces & Flails
  3476 | D:5      | Entered Level 5 of the Dungeon
  3480 | D:5      | Identified the +8 hand axe of Putrescence {antimagic,
                  | *Noise Int+4}
  3656 | D:5      | Noticed a hornet
  3663 | D:5      | Paralysed by a hornet for 1 turns
  3666 | D:5      | Reached XP level 8. HP: 70/70 MP: 2/7
  3666 | D:5      | Killed a hornet
  3680 | D:5      | Noticed a hornet
  3781 | D:5      | Reached *** piety under Trog
  3804 | D:5      | Reached skill level 5 in Maces & Flails
  4153 | D:5      | Killed a hornet
  4154 | D:5      | Reached XP level 9. HP: 79/79 MP: 2/8
  5085 | D:6      | Found a runed translucent door.
  5103 | D:6      | Noticed Grunkalo's ghost (novice HuWn)
  5117 | D:6      | Killed Grunkalo's ghost
  5133 | D:6      | Mangled by a wyvern

Illustrated notes

Levels and vault maps discovered:
D:1:      dpeg_arrival_arbitrary_a, layout_basic, serial_shops, shop,
          shapermc_ecumenical_altar_pompeii
D:2:      kennysheep_six_static_rooms, layout_basic, basic_altar
D:3:      layout_rooms, serial_shops, nicolae_shop_competitors_out_of_business,
          uniq_jessica
D:4:      layout_loops_ring, mainiacjoe_overflow_divided_tiny,
          nicolae_shop_firing_range, uniq_grinder
D:5:      cheibrodos_fzero, layout_basic
D:6:      layout_basic, nicolae_overflow_crystal_walls,
          chequers_temple_overflow_statue_of_worship,
          ebering_ghost_reflecting_pool, serial_rivers,
          chequers_serial_rivers_large_b, chequers_serial_rivers_small_3,
          chequers_serial_rivers_micro_c, chequers_serial_rivers_micro_c,
          chequers_serial_rivers_micro_b, chequers_serial_rivers_micro_e,
          nrook_loot_triangle

Skill      XL: |  1  2  3  4  5  6  7  8  9 |
---------------+----------------------------+-----
Ranged Weapons | 1 2 3 4 6 7 8 |  8.4
Axes           | 4 5 6 7 8 |  8.5
Fighting       | 4 5 6 7 |  7.5
Maces & Flails | 3 6 7 |  7.1
Armour         | |  2.4
Dodging        | |  2.1

Action                   |  1- 3 |  4- 6 |  7- 9 || total
-------------------------+-------+-------+-------++-------
Melee: Hand axe          |    59 |    71 |    60 ||   190
       Headbutt          |    10 |     8 |     8 ||    26
       Flail             |       |    10 |    10 ||    20
       Morningstar       |       |       |     3 ||     3
 Fire: Hand crossbow     |       |       |    65 ||    65
Throw: Stone             |     5 |     9 |       ||    14
Invok: Berserk           |     2 |     5 |     5 ||    12
       Trog's Hand       |       |     2 |     4 ||     6
  Use: Scroll            |     4 |     1 |    11 ||    16
 Stab: Sleeping          |     1 |       |       ||     1
Armor: Animal skin       |     8 |       |       ||     8
       Ring mail         |     8 |    35 |     3 ||    46
       Scale mail        |       |       |    36 ||    36
Dodge: Dodged            |    36 |    37 |    37 ||   110
